 Dungeon Crawl Stone Soup version 0.28-a0-1312-g71652a0310 (webtiles) character file.

Game seed: 16567051706623959431

56 bande the Covered (level 3, 0/23 HPs)
             Began as a Gargoyle Fighter on Dec 28, 2021.
             Slain by a kobold (2 damage)
             ... on level 2 of the Dungeon.
             The game lasted 00:03:16 (2679 turns).

bande the Covered (Gargoyle Fighter)                Turns: 2679, Time: 00:03:17

Health: 0/23       AC: 16    Str: 19    XL:     3   Next: 95%
Magic:  3/3        EV:  3    Int:  8    God:
Gold:   136        SH:  8    Dex: 11    Spells: 2/2 levels left

rFire   . . .      SeeInvis .   a - +1 war axe
rCold   . . .      Faith    .   g - +0 kite shield
rNeg    + + .      Spirit   .   e - +1 plate armour of Fun and Games {rN+}
rPois   ∞          Reflect  .   (no helmet)
rElec   +          Harm     .   (no cloak)
rCorr   .          Rampage  .   (no gloves)
Will    .....                   (no boots)
Stlth   ..........              (no amulet)
HPRegen 0.07/turn               (no ring)
MPRegen 0.08/turn               (no ring)

@: no status effects
A: sickness immunity, AC +3, negative energy resistance 1, electricity
resistance, torment resistance 1, petrification resistance
a: no special abilities


You were on level 2 of the Dungeon.
You visited 1 branch of the dungeon, and saw 3 of its levels.

You collected 136 gold pieces.

Inventory:

Hand Weapons
 a - a +1 war axe (weapon)
Armour
 e - the +1 plate armour of Fun and Games (worn) {rN+}
   (You found it on level 3 of the Dungeon)

   rN:        It protects you from negative energy.
 g - a +0 kite shield (worn)
Potions
 c - a potion of invisibility {unknown}
 d - a potion of might
 h - a potion of ambrosia
 i - a potion of berserk rage


   Skills:
 + Level 3.5 Fighting
 + Level 2.7 Axes
 + Level 4.2 Armour
 + Level 3.3 Shields


You had 2 spell levels left.
You didn't know any spells.
Your spell library contained the following spells:

 Spells                   Type           Power      Damage    Failure   Level
 Foxfire                  Conj/Fire      0%         2x1d4     100%        1
 Shock                    Conj/Air       0%         1d3       100%        1
 Petrify                  Tmut/Erth      0%         N/A       100%        4
 Blade Hands              Tmut           0%         N/A       100%        5
 Eringya's Noxious Bog    Tmut/Pois      0%         N/A       100%        6


Dungeon Overview and Level Annotations

Branches:
Dungeon (3/15)

Altars:


Innate Abilities, Weirdness & Mutations

You are immune to sickness and miasma.
Your stone body is resilient. (AC +3)
You are immune to poison.
You resist negative energy. (rN+)
You are resistant to electric shocks. (rElec)
You are resistant to unholy torment.
You are immune to petrification.


Message History

The hobgoblin hits you but does no damage.
The kobold hits you but does no damage. You block the worm's attack.
You block the rat's attack.
You barely miss the hobgoblin.
The hobgoblin is lightly wounded.
You hit the worm but do no damage. You hit the rat.
You kill the rat!
You hit the kobold but do no damage.
The hobgoblin hits you but does no damage.
You block the kobold's attack.
The hobgoblin hits you but does no damage.
The kobold hits you but does no damage. x2
The worm bites you but does no damage.
You barely miss the hobgoblin.
The hobgoblin is lightly wounded.
You hit the worm but do no damage. You hit the kobold but do no damage.
You completely miss the hobgoblin. You miss the kobold.
You block the hobgoblin's attack.
The kobold hits you but does no damage. x2
The hobgoblin barely misses you. The worm barely misses you.
The hobgoblin hits you but does no damage.
The kobold hits you but does no damage.
You closely miss the hobgoblin.
The hobgoblin is lightly wounded.
You hit the worm. You completely miss the kobold.
You hit the hobgoblin but do no damage. You closely miss the kobold.
The kobold hits you but does no damage.
The hobgoblin hits you but does no damage.
You block the hobgoblin's attack.
The kobold hits you but does no damage. x2
The hobgoblin hits you but does no damage.
The worm bites you.
* * * LOW HITPOINT WARNING * * *
You slash the hobgoblin!
You kill the hobgoblin!
You barely miss the worm. You closely miss the kobold. You slash the hobgoblin!
You kill the hobgoblin!
You miss the kobold. You block the kobold's attack.
The kobold hits you but does no damage.
The endoplasm hits you but does no damage.
The kobold hits you with a +0 short sword.
You die...

.## ... ..# ..#
. #####..##.# #
#.K@)......
...##.wJK......
........)......
..............#
......#########
...... ......
...... .....


You could see a worm, an endoplasm and 2 kobolds.

Vanquished Creatures
  An adder (D:3)
  A worm (D:2)
  3 dart slugs
  An endoplasm (D:2)
  3 giant cockroaches (D:1)
  2 goblins
  4 hobgoblins
  6 jackals (D:1)
  4 kobolds
  A quokka (D:2)
  A ball python (D:1)
  4 bats
  2 frilled lizards (D:1)
  4 rats
37 creatures vanquished.

Notes
Turn   | Place    | Note
-------+----------+-------------------------------------------
     0 | D:1      | bande the Gargoyle Fighter began the quest for the Orb.
     0 | D:1      | Reached XP level 1. HP: 14/14 MP: 1/1
    92 | D:1      | Reached XP level 2. HP: 13/19 MP: 2/2
  1160 | D:1      | You fall into a shaft and drop 1 floor!
  1228 | D:2      | Found a faded altar of an unknown god.
  1239 | D:2      | Got Plato's Handbook of Confrontation
  1299 | D:1      | Reached XP level 3. HP: 20/23 MP: 3/3
  1428 | D:1      | Got the Tome of Gliding Changing
  1824 | D:2      | Reached skill level 4 in Armour
  2579 | D:3      | Identified the +1 plate armour of Fun and Games {rN+}
  2679 | D:2      | Slain by a kobold

Illustrated notes

Levels and vault maps discovered:
D:1:      ncdulo_watergridlock, layout_basic, fountainhead,
          hangedman_decor_lopped
D:2:      layout_basic, shapermc_ecumenical_altar_rom_forum, minmay_pentomino_p4
D:3:      layout_rooms, old_standard_altar, nicolae_wu_jian_glorious_leap

Skill      XL: |  1  2  3 |
---------------+----------+-----
Axes           | 2 |  2.7
Armour         | 4 |  4.2
Fighting       | |  3.5
Shields        | |  3.3

Action                   || total
-------------------------++-------
Melee: War axe           ||   115
  Use: Scroll            ||     6
Armor: Scale mail        ||    93
       Plate armour      ||    29
Dodge: Dodged            ||    68
Block: Buckler           ||    22
       Kite shield       ||    12

Table legend: (Time is in decaauts)
 A = Elapsed time spent in this place.
 B = Non-inter-level travel time spent in this place.
 C = Inter-level travel time spent in this place.
 D = Time resting spent in this place.
 E = Time spent auto-exploring this place.
 F = Levels seen in this place.
 G = Mean time per level.
                   A        B        C        D        E       F      G
               +--------+--------+--------+--------+--------+-----+--------+
         Total |   2730 |   2696 |     34 |   1335 |    957 |   3 |  910.0 |
       Dungeon |   2730 |   2696 |     34 |   1335 |    957 |   3 |  910.0 |
               +--------+--------+--------+--------+--------+-----+--------+

Top non-repeatable levels by time:
     D:1: 1542 daAuts
     D:2: 913 daAuts
     D:3: 274 daAuts
